 Dungeon Crawl Stone Soup version 0.24-a0-784-g601f8f6d22 (webtiles) character file.

Game seed: 14781840193254219268, levelgen mode: deterministic

211932 MrRokkomies the Fetichist (level 18, -7/126 HPs)
             Began as a Gnoll Arcane Marksman on Oct 7, 2019.
             Was the Champion of Fedhas.
             Shot with an arrow by a satyr (27 damage)
             ... on level 4 of the Shoals on Oct 9, 2019.
             The game lasted 03:25:11 (41011 turns).

MrRokkomies the Fetichist (Gnoll Arcane Marksman)  Turns: 41011, Time: 03:25:12

Health: -7/126     AC: 20    Str: 12    XL:     18   Next: 90%
Magic:  34/34      EV: 27    Int: 22    God:    Fedhas [******]
Gold:   148        SH:  9    Dex: 22    Spells: 4/42 levels left

rFire    . . .     SeeInvis .   a - +8 autumn katana {slice, Clar}
rCold    + + .     Gourm    .   G - +1 buckler "Geadiy" {*Contam +Blink rC++ Dex+4}
rNeg     . . .     Faith    .   D - +3 leather armour {MR+}
rPois    .         Spirit   .   u - +2 hat
rElec    .         Reflect  .   R - +2 cloak
rCorr    .         Harm     .   E - +2 pair of gloves
MR       ++...     Clarity  +   c - +2 pair of boots of the Assassin {Detection Stab+ Stlth++}
Stlth    +++++++...             y - amulet of regeneration
HPRegen  0.71/turn              P - +3 ring of evasion
MPRegen  0.24/turn              A - ring of flight

@: studying Evocations
A: distributed training, fangs 1, frail 1, strong nose
}: 1/15 runes: gossamer
a: Wall of Briars, Grow Ballistomycete, Overgrow, Grow Oklob, Renounce Religion,
Evoke Blink, Evoke Flight


You were on level 4 of the Shoals.
You worshipped Fedhas.
Fedhas was exalted by your worship.
You were not hungry.

You visited 5 branches of the dungeon, and saw 31 of its levels.
You also visited: Sewer, Ossuary and Ice Cave.

You collected 2800 gold pieces.
You spent 2652 gold pieces at shops.

Inventory:

Hand Weapons
 a - the +8 autumn katana (weapon) {slice, Clar}
   (You bought it in a shop on level 2 of the Orcish Mines)

   It inflicts extra damage upon your enemies.
   It protects you against confusion.
 F - a +1 antimagic trident
 Y - a +4 scimitar of holy wrath
Missiles
 b - 6 boomerangs of dispersal
 d - 16 silver javelins
 i - 95 poisoned darts
 J - 2 curare-tipped darts
 K - 27 javelins
 M - 7 throwing nets
 X - 43 boomerangs (quivered)
Armour
 c - the +2 pair of boots of the Assassin (worn) {Detection Stab+ Stlth++}
   (You found it in an ice cave)

   It makes you much more stealthy.
 u - a +2 hat (worn)
 D - a +3 leather armour of magic resistance (worn)
 E - a +2 pair of gloves (worn)
 G - the +1 buckler "Geadiy" (worn) {*Contam +Blink rC++ Dex+4}
   (You found it on level 9 of the Dungeon)

   It affects your dexterity (+4).
   It greatly protects you from cold.
   It lets you blink.
   It causes magical contamination when unequipped.
 O - the +8 ring mail "Zecs" {rF- rC+++ rCorr Str+5}
   (You bought it in a shop on level 13 of the Dungeon)

   It affects your strength (+5).
   It makes you vulnerable to fire.
   It renders you almost immune to cold.
   It provides partial protection from all sources of acid and corrosion.
 R - a +2 cloak (worn)
 U - a +0 robe of resistance
Jewellery
 g - a +2 ring of dexterity
 w - an uncursed ring of positive energy
 x - an uncursed ring of wizardry
 y - an amulet of regeneration (around neck)
 A - a ring of flight (right hand)
 P - a +3 ring of evasion (left hand)
Wands
 e - a wand of digging (4)
 j - a wand of scattershot (2)
 l - a wand of iceblast (27)
 q - a wand of clouds (1)
 v - a wand of paralysis (4)
 H - a wand of enslavement (10)
 V - a wand of flame (65)
Scrolls
 h - a scroll of fog
 k - a scroll of immolation
 m - 2 scrolls of identify
 p - 16 scrolls of remove curse
 s - 3 scrolls of blinking
 B - 2 scrolls of teleportation
 T - 4 scrolls of magic mapping
Potions
 n - a potion of magic
 o - 6 potions of lignification
 r - 2 potions of curing
 z - 5 potions of cancellation
 I - a potion of berserk rage
 L - a potion of invisibility
 Q - a potion of haste
 S - 2 potions of agility
 Z - a potion of resistance
Books
 t - a manual of Evocations
Miscellaneous
 C - a phial of floods
 N - a lamp of fire
 W - a lightning rod (4/4)
Comestibles
 f - 22 rations


   Skills:
 + Level 12.5 Fighting
 + Level 12.3 Short Blades
 + Level 12.3 Long Blades
 + Level 12.3 Axes
 + Level 12.3 Maces & Flails
 + Level 12.3 Polearms
 + Level 12.3 Staves
 + Level 12.3 Slings
 + Level 12.3 Bows
 + Level 13.0 Crossbows
 + Level 12.3 Throwing
 + Level 12.3 Armour
 + Level 13.0 Dodging
 + Level 12.3 Stealth
 + Level 12.3 Shields
 + Level 12.3 Unarmed Combat
 + Level 12.5 Spellcasting
 + Level 10.5 Conjurations
 + Level 11.7 Hexes
 + Level 10.5 Charms
 + Level 10.5 Summonings
 + Level 10.5 Necromancy
 + Level 10.5 Translocations
 + Level 10.5 Transmutations
 + Level 10.5 Fire Magic
 + Level 10.5 Ice Magic
 + Level 10.5 Air Magic
 + Level 10.5 Earth Magic
 + Level 10.5 Poison Magic
 + Level 13.2 Invocations
 + Level 16.3 Evocations


You had 4 spell levels left.
You knew the following spells:

 Your Spells              Type           Power        Failure   Level  Hunger
a - Corona                Hex            ######.      1%          1    None
b - Statue Form           Tmut/Erth      ######...    11%         6    #####..
c - Yara's Violent Unrav  Hex/Tmut       ######....   1%          5    ####...
d - Portal Projectile     Hex/Tloc       ######       1%          3    None
e - Cause Fear            Hex            ######....   1%          4    None
f - Confusing Touch       Hex            ######       1%          1    None
g - Borgnjor's Vile Clut  Necr/Erth      ######....   1%          5    ####...
h - Confuse               Hex            ######..     1%          3    None
i - Swiftness             Chrm/Air       ######..     1%          2    None
j - Static Discharge      Conj/Air       ######..     1%          3    None
k - Metabolic Englaciati  Hex/Ice        ######....   1%          5    ####...

Your spell library contained the following spells:

 Spells                   Type           Power        Failure   Level  Hunger
 Animate Skeleton         Necr           N/A          1%          1    None
 Apportation              Tloc           ######       1%          1    None
 Sandblast                Erth           ######       1%          1    None
 Shock                    Conj/Air       ####         1%          1    None
 Summon Small Mammal      Summ           ####         1%          1    None
 Passwall                 Tmut/Erth      ######..     1%          2    None
 Slow                     Hex            ######..     1%          2    None
 Gell's Gravitas          Tloc           ######....   1%          3    None
 Inner Flame              Hex/Fire       ######..     1%          3    None
 Lesser Beckoning         Tloc           ######....   1%          3    None
 Stone Arrow              Conj/Erth      ######       1%          3    None
 Airstrike                Air            ######....   1%          4    None
 Ice Form                 Ice/Tmut       ######..     1%          4    None
 Leda's Liquefaction      Hex/Erth       ######....   1%          4    None
 Passage of Golubria      Tloc           N/A          1%          4    None
 Petrify                  Tmut/Erth      ######..     1%          4    None
 Sticky Flame             Conj/Fire      ######..     1%          4    None
 Bolt of Magma            Conj/Fire/Erth ######....   1%          5    ####...
 Fireball                 Conj/Fire      ######....   1%          5    ####...
 Lee's Rapid Deconstruct  Erth           ######....   1%          5    ####...
 Lightning Bolt           Conj/Air       ######....   1%          5    ####...
 Darkness                 Hex            ######....   7%          6    #####..
 Invisibility             Hex            ######..     7%          6    #####..
 Bolt of Cold             Conj/Ice       ######....   11%         6    #####..
 Bolt of Fire             Conj/Fire      ######....   11%         6    #####..
 Dispersal                Tloc           ######....   11%         6    #####..
 Freezing Cloud           Conj/Ice/Air   ######....   11%         6    #####..
 Ozocubu's Refrigeration  Ice            ######....   11%         6    #####..
 Simulacrum               Ice/Necr       ######....   11%         6    #####..


Dungeon Overview and Level Annotations

Branches:
Dungeon (15/15)            Temple (0/1) D:7            Lair (6/6) D:9
 Shoals (4/4) Lair:2       Spider (4/4) Lair:3        Slime (0/5) Lair:6
    Orc (2/2) D:10            Elf (0/3) Orc:2        Vaults (0/5) D:14
 Depths (0/5) D:15          Sewer (visited)         Ossuary (visited)
  IceCv (visited)

Altars:
Ashenzari
Fedhas
Gozag
Hepliaklqana
Makhleb
Nemelex Xobeh
Okawaru
Qazlal
Sif Muna
Trog
Wu Jian
Xom
Yredelemnul
Zin
The Shining One

Shops:
D:13 [   Orc:1 (   Orc:2 *(%(   Shoals:1 [

Portals:
Trove: D:11 (give 5 potions of resistance)


Innate Abilities, Weirdness & Mutations

Your experience applies equally to all skills.
You have very sharp teeth.
Your uncanny sense of smell can sniff out nearby items.
You are frail. (-10% HP)


Message History

You block the snapping turtle's attack.
The faun shoots a stone.
The stone hits you but does no damage.
The satyr plays a frightful melody on his pipes!
The satyr radiates an aura of fear!
You are unaffected.
The snapping turtle bites you from afar!
* * * LOW HITPOINT WARNING * * *
You see here 2 stones.
The faun casts a spell at you. You resist with almost no effort.
The satyr shoots an arrow.
You block the arrow.
Items here: (( ) † an arrow; a +0 dire flail; 8 stones; a merfolk corpse The faun shoots a stone.
The stone barely misses you.
There is a stone staircase leading up here.
Items here: (( )) ÷ 9 stones; a +3 spear of venom; a +0 hunting sling; a sling bullet a faun skeleton The satyr shoots an arrow.
The arrow hits you!!
You die...
Fedhas appreciates your contribution to the ecosystem.

.### #.†..≈≈≈≈≈
.P..#######.≈≈PPPP≈≈
#P≈..)......PPPPPc≈.
P#≈≈≈≈≈≈≈≈.....≈≈≈≈≈..
..≈≈≈≈≈≈≈≈≈≈..≈≈≈≈≈≈..
≈≈≈≈≈≈≈≈)(# #.≈≈≈≈≈≈..
≈≈≈≈≈≈≈≈≈(###.≈≈≈≈≈≈..
≈≈≈≈≈≈≈≈≈.)#..≈≈≈≈≈≈≈.
≈≈≈≈≈≈≈≈≈†@(t.≈≈≈≈≈≈≈.
≈≈≈≈≈≈≈≈≈≈≈.=(≈≈≈≈≈≈≈.
≈≈≈≈≈≈≈≈≈≈≈..()≈≈≈≈≈≈≈
...≈≈≈≈≈≈≈≈(.≈≈≈≈≈≈≈≈≈
......≈≈≈≈≈≈(≈≈(≈≈≈≈≈≈
......$...≈≈≈≈≈≈≈≈≈≈≈≈
............≈≈≈≈≈≈≈≈≈≈
.............≈≈c≈cc≈≈≈
..............≈≈≈≈≈≈≈≈


You could see a satyr, a snapping turtle and a faun.

Vanquished Creatures
  Arachne (Spider:3)
  An Ice Fiend (IceCv)
  Kirke (Lair:5)
  Ilsuiw (Shoals:3)
  6 ghost moths
  An orc warlord (Orc:2)
  5 emperor scorpions
  An entropy weaver (Lair:3)
  Nessos (Lair:4)
  3 spark wasps
  2 merfolk javelineers
  Josephine (Spider:1)
  6 merfolk impalers
  Erolcha (Orc:1)
  2 ice dragons (D:15)
  8 hydras
  7 merfolk aquamancers
  3 merfolk avatars
  4 centaur warriors
  A satyr (Shoals:4)
  6 ogre magi
  24 two-headed ogres
  A death knight (D:11)
  An alligator snapping turtle (Shoals:4)
  The ghost of Kohma the Cleaver, a novice MiFi of Okawaru (D:9)
  3 tengu warriors
  6 death yaks
  Urug (D:13)
  7 sea snakes
  A fire crab (Shoals:1)
  2 unseen horrors
  15 harpies
  A phantasmal warrior (D:11)
  18 wolf spiders
  3 deep elf magi
  13 orb spiders
  2 ugly things
  An orc sorcerer (Orc:1)
  9 manticores
  6 cyclopes
  12 fauns
  6 merfolk sirens
  4 water nymphs
  A moth of wrath (Spider:4)
  5 black mambas
  An ice statue (IceCv)
  7 spiny frogs
  6 torpor snails
  3 kobold demonologists (D:12)
  3 efreet
  8 demonic crawlers
  4 rime drakes
  6 komodo dragons
  6 freezing wraiths
  2 golden dragon simulacra (IceCv)
  3 anaconda simulacra (IceCv)
  6 meliai
  6 ice devils (IceCv)
  6 trolls
  14 hornets
  A tengu conjurer (D:13)
  34 jumping spiders
  2 wind drakes
  7 polar bears (Lair:6)
  31 merfolk
  A queen bee (D:9)
  8 hippogriffs
  2 wolf spider simulacra (IceCv)
  6 snapping turtles
  5 dream sheep (Lair:4)
  17 blink frogs
  A meliai zombie (D:12)
  4 slime creatures
  12 spriggans (Lair:6)
  52 redbacks
  15 tarantellas
  3 wyverns
  43 yaks
  3 vampires
  7 water elementals
  3 fire bats (Shoals:1)
  4 wraiths
  2 dire elephant simulacra (IceCv)
  5 hogs
  2 basilisks
  17 humans
  3 hungry ghosts
  3 steam dragons
  2 vampire mosquitoes (D:15)
  2 death yak simulacra (IceCv)
  2 harpy simulacra (IceCv)
  2 wargs
  2 acid dragons
  A hell hound (D:15)
  3 iron troll simulacra (IceCv)
  11 water moccasins
  2 hydra simulacra (IceCv)
  12 porcupines
  3 ice beasts
  18 orc warriors
  9 black bears
  An ettin simulacrum (IceCv)
  4 sky beasts
  An alligator simulacrum (IceCv)
  A hornet zombie (D:15)
  33 ogres
  3 boggarts (Lair:6)
  An eye of draining (D:12)
  2 necrophages
  A phantom (D:12)
  16 wolves
  15 crocodiles
  21 centaurs
  6 big kobolds
  5 elf zombies (Ossuary)
  17 bullfrogs
  2 wyvern skeletons
  2 scorpions
  28 killer bees
  25 wights
  5 howler monkeys
  5 crimson imps
  A bullfrog zombie (D:11)
  6 centaur zombies
  A quasit (D:6)
  6 hounds
  2 jellies
  3 draconian simulacra (IceCv)
  4 human zombies (Ossuary)
  11 orc priests
  9 centaur skeletons
  A gnoll shaman (D:10)
  26 orc wizards
  Jessica (D:2)
  17 worker ants
  A spriggan simulacrum (IceCv)
  A wolf simulacrum (IceCv)
  2 centaur simulacra (IceCv)
  3 hound skeletons
  4 mummies
  A howler monkey zombie (D:8)
  10 gnolls
  2 river rats (Sewer)
  9 adders
  2 naga simulacra (IceCv)
  A shadow imp (D:11)
  6 white imps (IceCv)
  6 ufetubi (IceCv)
  An ooze (D:3)
  2 adder zombies
  An adder skeleton (D:4)
  6 worms
  3 dart slugs
  8 leopard geckos
  70 orcs
  3 ball pythons
  6 bats
  10 giant cockroaches
  6 hobgoblins
  7 iguanas
  18 jackals
  5 quokkas
  5 frilled lizards
  6 goblins
  25 kobolds
  2 orc zombies (D:8)
  11 rats
  2 ballistomycete spores (Lair:5)
1175 creatures vanquished.

Vanquished Creatures (collateral kills)
  Rupert (Lair:5)
  Asterion (Spider:3)
  Azrael (D:15)
  A merfolk impaler (Shoals:1)
  Harold (Lair:2)
  A hydra (Lair:2)
  2 death yaks (Lair:6)
  An orb spider (Spider:4)
  A manticore (Shoals:1)
  A merfolk siren (Shoals:1)
  A komodo dragon (Lair:6)
  2 jumping spiders
  2 redbacks
  2 fire elementals (D:15)
  A hog (Lair:5)
  2 wargs (Orc:2)
  A hell hound (D:15)
  A black bear (Lair:6)
  An ogre (Orc:2)
  A wyvern zombie (D:14)
  An orc (Orc:2)
  4 ballistomycete spores
30 creatures vanquished.

Vanquished Creatures (others)
  A merfolk aquamancer (Shoals:2)
  A sea snake (Shoals:1)
  A komodo dragon (Lair:6)
  2 jumping spiders
  A yak (Lair:6)
  An orc wizard (Orc:1)
  An adder (D:12)
  A white imp (IceCv)
  An orc (D:14)
  15 fungi
  41 plants
  2 withered plants (D:9)
68 creatures vanquished.

Grand Total: 1273 creatures vanquished

Notes
Turn   | Place    | Note
-------+----------+-------------------------------------------
     0 | D:1      | MrRokkomies the Gnoll Arcane Marksman began the quest for
                  | the Orb.
     0 | D:1      | Reached XP level 1. HP: 17/17 MP: 4/4
   390 | D:1      | Reached XP level 2. HP: 23/23 MP: 5/5
  1169 | D:2      | Reached XP level 3. HP: 28/28 MP: 7/7
  1284 | D:2      | Noticed Jessica
  1286 | D:2      | Killed Jessica
  1286 | D:2      | Reached skill level 1 in Short Blades
  1286 | D:2      | Reached skill level 1 in Long Blades
  1286 | D:2      | Reached skill level 1 in Axes
  1286 | D:2      | Reached skill level 1 in Maces & Flails
  1286 | D:2      | Reached skill level 1 in Polearms
  1286 | D:2      | Reached skill level 1 in Staves
  1286 | D:2      | Reached skill level 1 in Slings
  1286 | D:2      | Reached skill level 1 in Bows
  1286 | D:2      | Reached skill level 1 in Throwing
  1286 | D:2      | Reached skill level 1 in Armour
  1286 | D:2      | Reached skill level 1 in Stealth
  1286 | D:2      | Reached skill level 1 in Shields
  1286 | D:2      | Reached skill level 1 in Unarmed Combat
  1286 | D:2      | Reached skill level 1 in Invocations
  1286 | D:2      | Reached skill level 1 in Evocations
  1286 | D:2      | Reached XP level 4. HP: 28/34 MP: 8/8
  1513 | D:2      | Reached skill level 1 in Conjurations
  1513 | D:2      | Reached skill level 1 in Charms
  1513 | D:2      | Reached skill level 1 in Summonings
  1513 | D:2      | Reached skill level 1 in Necromancy
  1513 | D:2      | Reached skill level 1 in Translocations
  1513 | D:2      | Reached skill level 1 in Transmutations
  1513 | D:2      | Reached skill level 1 in Fire Magic
  1513 | D:2      | Reached skill level 1 in Ice Magic
  1513 | D:2      | Reached skill level 1 in Air Magic
  1513 | D:2      | Reached skill level 1 in Earth Magic
  1513 | D:2      | Reached skill level 1 in Poison Magic
  1744 | D:2      | Found a bloodstained altar of Trog.
  1770 | D:2      | Reached XP level 5. HP: 36/40 MP: 9/9
  1887 | D:2      | Found a blossoming altar of Fedhas.
  1887 | D:2      | Found an opulent altar of Gozag.
  1890 | D:2      | Became a worshipper of Fedhas Madash
  2287 | D:3      | Reached XP level 6. HP: 47/47 MP: 10/10
  2290 | D:3      | Found a shimmering altar of Xom.
  2712 | D:3      | Reached * piety under Fedhas
  2719 | D:3      | Reached skill level 5 in Crossbows
  2719 | D:3      | Reached skill level 5 in Dodging
  2936 | D:3      | Reached skill level 2 in Evocations
  3374 | D:4      | Found a shattered altar of Ashenzari.
  3456 | D:4      | Reached XP level 7. HP: 15/52 MP: 12/12
  3460 | D:4      | Learned a level 2 spell: Slow
  3464 | D:4      | Learned a level 3 spell: Inner Flame
  3468 | D:4      | Learned a level 3 spell: Portal Projectile
  4030 | D:4      | Reached ** piety under Fedhas
  4061 | D:4      | Got a fine spear
  4062 | D:4      | Identified the +7 spear "Fyehehik" {flame, rPois} (You
                  | found it on level 4 of the Dungeon)
  4153 | D:4      | Reached XP level 8. HP: 36/60 MP: 12/14
  4313 | D:4      | Reached skill level 3 in Evocations
  4511 | D:4      | Found a shimmering blue altar of Sif Muna.
  4601 | D:5      | Entered Level 5 of the Dungeon
  4918 | D:5      | Found a hazy altar of Hepliaklqana.
  5308 | D:5      | Found a stormy altar of Qazlal.
  5308 | D:5      | Found a sparkling altar of Nemelex Xobeh.
  5581 | D:6      | Found a basalt altar of Yredelemnul.
  5670 | D:6      | Reached skill level 4 in Evocations
  5675 | D:6      | Reached *** piety under Fedhas
  5715 | D:6      | Found a glowing drain.
  5735 | Sewer    | Entered a sewer
  5842 | Sewer    | Found a white marble altar of Elyvilon.
  6100 | D:7      | Learned a level 4 spell: Cause Fear
  6176 | D:7      | Reached XP level 9. HP: 66/66 MP: 16/16
  6267 | D:7      | Found a staircase to the Ecumenical Temple.
  6386 | D:7      | Found an ornate altar of the Wu Jian Council.
  6391 | D:7      | Reached skill level 5 in Spellcasting
  6391 | D:7      | Reached skill level 5 in Evocations
  6541 | D:7      | Reached skill level 5 in Fighting
  6795 | D:8      | Reached skill level 5 in Invocations
  6863 | D:8      | Reached **** piety under Fedhas
  6882 | D:8      | Found a sand-covered staircase.
  6890 | Ossuary  | Entered an ossuary
  6945 | Ossuary  | Reached skill level 6 in Evocations
  6968 | Ossuary  | Reached XP level 10. HP: 69/74 MP: 18/18
  7154 | D:8      | Reached skill level 5 in Short Blades
  7154 | D:8      | Reached skill level 5 in Long Blades
  7154 | D:8      | Reached skill level 5 in Axes
  7154 | D:8      | Reached skill level 5 in Maces & Flails
  7154 | D:8      | Reached skill level 5 in Polearms
  7154 | D:8      | Reached skill level 5 in Staves
  7154 | D:8      | Reached skill level 5 in Slings
  7154 | D:8      | Reached skill level 5 in Bows
  7154 | D:8      | Reached skill level 5 in Throwing
  7154 | D:8      | Reached skill level 5 in Armour
  7154 | D:8      | Reached skill level 5 in Stealth
  7154 | D:8      | Reached skill level 5 in Shields
  7154 | D:8      | Reached skill level 5 in Unarmed Combat
  7215 | D:8      | Upgraded the game from 0.24-a0-778-g74da537585 to
                  | 0.24-a0-779-g36f0aeb843
  7363 | D:8      | Reached ***** piety under Fedhas
  7434 | D:8      | Found an iron altar of Okawaru.
  7459 | D:8      | Found a burning altar of Makhleb.
  7958 | D:9      | Reached skill level 7 in Evocations
  7967 | D:9      | Found a staircase to the Lair.
  8516 | D:9      | Found a runed translucent door.
  8518 | D:9      | Noticed Kohma's ghost (novice MiFi)
  8633 | D:9      | Found a glowing golden altar of the Shining One.
  8991 | D:9      | Killed Kohma's ghost
  8991 | D:9      | Reached XP level 11. HP: 54/82 MP: 18/20
  9001 | D:9      | Got a warped buckler
  9009 | D:9      | Identified the +1 buckler "Geadiy" {*Contam +Blink rC++
                  | Dex+4} (You found it on level 9 of the Dungeon)
  9087 | Lair:1   | Entered Level 1 of the Lair of Beasts
  9298 | Lair:1   | Noticed a five-headed hydra
  9305 | Lair:1   | Killed a five-headed hydra
  9305 | Lair:1   | Reached skill level 8 in Evocations
  9309 | Lair:1   | Noticed a seven-headed hydra
  9315 | Lair:1   | Killed a seven-headed hydra
  9315 | Lair:1   | Reached skill level 5 in Conjurations
  9315 | Lair:1   | Reached skill level 5 in Charms
  9315 | Lair:1   | Reached skill level 5 in Summonings
  9315 | Lair:1   | Reached skill level 5 in Necromancy
  9315 | Lair:1   | Reached skill level 5 in Translocations
  9315 | Lair:1   | Reached skill level 5 in Transmutations
  9315 | Lair:1   | Reached skill level 5 in Fire Magic
  9315 | Lair:1   | Reached skill level 5 in Ice Magic
  9315 | Lair:1   | Reached skill level 5 in Air Magic
  9315 | Lair:1   | Reached skill level 5 in Earth Magic
  9315 | Lair:1   | Reached skill level 5 in Poison Magic
 10449 | Lair:2   | Found a staircase to the Shoals.
 10850 | Lair:2   | Noticed an eight-headed hydra
 10857 | Lair:2   | Killed an eight-headed hydra
 10944 | Lair:2   | You fall into a shaft and drop 2 floors!
 10945 | Lair:4   | Noticed Nessos
 11194 | Lair:2   | Reached skill level 9 in Evocations
 11284 | Lair:2   | Learned a level 1 spell: Confusing Touch
 11433 | Lair:2   | Learned a level 3 spell: Gell's Gravitas
 11476 | Lair:2   | Reached XP level 12. HP: 91/91 MP: 23/23
 11595 | Lair:2   | Noticed Harold
 11627 | Lair:2   | Killed Harold
 12258 | Lair:3   | Found a hole to the Spider Nest.
 12670 | Lair:3   | Noticed a death yak
 12670 | Lair:3   | Noticed a death yak
 12688 | Lair:3   | Noticed a death yak
 12697 | Lair:3   | Killed a death yak
 12718 | Lair:3   | Killed a death yak
 12718 | Lair:3   | Reached skill level 10 in Evocations
 12724 | Lair:3   | Killed a death yak
 13149 | Lair:3   | Learned a level 3 spell: Confuse
 13430 | Lair:4   | Killed Nessos
 13913 | Lair:4   | Reached XP level 13. HP: 98/98 MP: 25/25
 13947 | Lair:4   | You fall into a shaft and drop 2 floors!
 13947 | Lair:6   | Entered Level 6 of the Lair of Beasts
 13970 | Lair:5   | Noticed Rupert
 14381 | Lair:5   | Killed Rupert
 14711 | Lair:5   | Noticed Kirke
 14728 | Lair:5   | Killed Kirke
 14728 | Lair:5   | Reached skill level 11 in Evocations
 15650 | Lair:6   | Learned a level 2 spell: Swiftness
 15837 | Lair:6   | Found a staircase to the Slime Pits.
 16353 | Lair:6   | Paralysed by a hornet for 1 turns
 16520 | Lair:6   | Reached XP level 14. HP: 81/108 MP: 27/27
 17206 | Lair:6   | Reached skill level 10 in Crossbows
 17206 | Lair:6   | Reached skill level 10 in Dodging
 17219 | Lair:6   | Got a heavily runed leather armour
 17226 | Lair:6   | Identified the +0 leather armour of the Evening Star {*Slow
                  | Str+5 Dex+4} (You found it on level 6 of the Lair of
                  | Beasts)
 17334 | Lair:6   | Reached skill level 12 in Evocations
 18002 | Lair:6   | Upgraded the game from 0.24-a0-779-g36f0aeb843 to
                  | 0.24-a0-784-g601f8f6d22
 18145 | D:10     | Entered Level 10 of the Dungeon
 18698 | D:10     | Found a staircase to the Orcish Mines.
 19339 | Orc:1    | Entered Level 1 of the Orcish Mines
 19484 | Orc:1    | Noticed Erolcha
 19501 | Orc:1    | Killed Erolcha
 19586 | Orc:1    | Reached skill level 10 in Invocations
 19596 | Orc:1    | Reached ****** piety under Fedhas
 19691 | Orc:1    | Found Xeanwovvea's Weapon Shoppe.
 19800 | Orc:2    | Entered Level 2 of the Orcish Mines
 19800 | Orc:2    | Noticed an orc warlord
 19848 | Orc:2    | Killed an orc warlord
 20150 | Orc:2    | Found a staircase to the Elven Halls.
 20254 | Orc:2    | Learned a level 3 spell: Static Discharge
 20261 | Orc:2    | Learned a level 5 spell: Metabolic Englaciation
 21152 | Orc:2    | Reached XP level 15. HP: 115/115 MP: 28/28
 21178 | Orc:2    | Reached skill level 10 in Spellcasting
 21199 | Orc:2    | Reached skill level 10 in Fighting
 21238 | Orc:2    | Found Daylo's Antique Weapon Boutique.
 21239 | Orc:2    | Found Amejueh's Weapon Emporium.
 21239 | Orc:2    | Found Osues's Food Boutique.
 21239 | Orc:2    | Found Ighoz's Assorted Antiques.
 21489 | Orc:2    | Bought a cyan potion for 20 gold pieces
 21836 | D:11     | Reached skill level 13 in Evocations
 22143 | D:11     | Found a portal to a secret trove of treasure.
 22153 | D:11     | Learned a level 5 spell: Yara's Violent Unravelling
 23698 | D:12     | Reached skill level 10 in Hexes
 23911 | D:12     | Reached skill level 10 in Short Blades
 23911 | D:12     | Reached skill level 10 in Long Blades
 23911 | D:12     | Reached skill level 10 in Axes
 23911 | D:12     | Reached skill level 10 in Maces & Flails
 23911 | D:12     | Reached skill level 10 in Polearms
 23911 | D:12     | Reached skill level 10 in Staves
 23911 | D:12     | Reached skill level 10 in Slings
 23911 | D:12     | Reached skill level 10 in Bows
 23911 | D:12     | Reached skill level 10 in Throwing
 23911 | D:12     | Reached skill level 10 in Armour
 23911 | D:12     | Reached skill level 10 in Stealth
 23911 | D:12     | Reached skill level 10 in Shields
 23911 | D:12     | Reached skill level 10 in Unarmed Combat
 24225 | D:12     | Got a brightly glowing buckler
 24236 | D:12     | Identified the +3 buckler of Minor Irritation {Str+2} (You
                  | found it on level 12 of the Dungeon)
 24626 | D:13     | Got a shimmering war axe
 24628 | D:13     | Identified the +5 war axe of Symmetry {chop, +Inv Int+2}
                  | (You found it on level 13 of the Dungeon)
 24796 | D:13     | Found Qufiagagh's Antique Armour Emporium.
 24800 | D:13     | Bought a polished ring mail for 261 gold pieces
 24810 | D:13     | Identified the +8 ring mail "Zecs" {rF- rC+++ rCorr Str+5}
                  | (You bought it in a shop on level 13 of the Dungeon)
 25304 | D:14     | Found a gate to the Vaults.
 25304 | D:14     | Noticed Urug
 25682 | D:14     | Paralysed by an ogre mage for 6 turns
 25704 | D:13     | Killed Urug
 26055 | D:14     | Reached XP level 16. HP: 114/124 MP: 30/30
 26647 | D:14     | Found a glowing silver altar of Zin.
 26883 | D:15     | Entered Level 15 of the Dungeon
 27157 | D:14     | Reached skill level 14 in Evocations
 27704 | D:15     | Noticed Azrael
 27753 | D:15     | Killed Azrael
 27779 | D:15     | Found a staircase to the Depths.
 28217 | Spider:1 | Entered Level 1 of the Spider Nest
 28374 | Spider:1 | Noticed Josephine
 28431 | Spider:1 | Killed Josephine
 28874 | Spider:1 | Found the +0 staff of Battle
 29247 | Spider:1 | Identified the Almanac of Warped Earth
 30177 | Spider:2 | Identified a scroll of acquirement
 30178 | Spider:2 | Got a translucent lajatang
 30179 | Spider:2 | Identified the +6 lajatang "Inuhodi" {elec, rN+ Dex+5} (You
                  | acquired it on level 2 of the Spider Nest)
 30196 | Spider:2 | Gained mutation: You are frail. (-10% HP) [mutagenic glow]
 30885 | Spider:2 | Learned a level 5 spell: Borgnjor's Vile Clutch
 30948 | Spider:2 | Reached XP level 17. HP: 43/117 MP: 15/32
 31346 | Spider:3 | Noticed Arachne
 31385 | Spider:3 | Killed Arachne
 32044 | Spider:3 | Noticed Asterion
 32051 | Spider:4 | Entered Level 4 of the Spider Nest
 32239 | Spider:3 | Killed Asterion
 33333 | Spider:3 | Reached skill level 15 in Evocations
 33695 | Spider:4 | Learned a level 6 spell: Statue Form
 35064 | Spider:4 | Got a gossamer rune of Zot
 35630 | Shoals:1 | Entered Level 1 of the Shoals
 35644 | Shoals:1 | Found Erras's Armour Shop.
 35710 | Shoals:1 | Bought a +0 pair of boots for 54 gold pieces
 35811 | Shoals:1 | Found a frozen archway.
 35877 | IceCv    | Entered an ice cave
 36457 | IceCv    | Reached skill level 10 in Conjurations
 36457 | IceCv    | Reached skill level 10 in Charms
 36457 | IceCv    | Reached skill level 10 in Summonings
 36457 | IceCv    | Reached skill level 10 in Necromancy
 36457 | IceCv    | Reached skill level 10 in Translocations
 36457 | IceCv    | Reached skill level 10 in Transmutations
 36457 | IceCv    | Reached skill level 10 in Fire Magic
 36457 | IceCv    | Reached skill level 10 in Ice Magic
 36457 | IceCv    | Reached skill level 10 in Air Magic
 36457 | IceCv    | Reached skill level 10 in Earth Magic
 36457 | IceCv    | Reached skill level 10 in Poison Magic
 36631 | IceCv    | Noticed an Ice Fiend
 36705 | IceCv    | Killed an Ice Fiend
 36705 | IceCv    | Reached XP level 18. HP: 104/126 MP: 34/34
 36736 | IceCv    | Identified Sif Muna's Catalogue of the Arsonist and Attacks
 36737 | IceCv    | Found the +2 pair of boots of the Assassin {Detection Stab+
                  | Stlth++}
 38136 | Shoals:2 | Got a faintly humming ring mail
 38137 | Shoals:2 | Identified the cursed +0 ring mail of Dawn {Dex+3 Slay+2}
                  | (You found it on level 2 of the Shoals)
 38395 | Orc:2    | Bought the +8 autumn katana {slice, Clar} for 2317 gold
                  | pieces
 38395 | Orc:2    | Found the +8 autumn katana {slice, Clar}
 39196 | Shoals:3 | Reached skill level 16 in Evocations
 39972 | Shoals:4 | Entered Level 4 of the Shoals
 39992 | Shoals:4 | Noticed Ilsuiw
 40373 | Shoals:3 | Killed Ilsuiw
 41011 | Shoals:4 | Shot with an arrow by a satyr

Levels and vault maps discovered:
D:1:      lemuel_arrival_hallway, layout_basic, fountainhead
D:2:      layout_loops_ring, gammafunk_temple_overflow_elements,
          overflow_temple_1_default, first_ration, uniq_jessica
D:3:      layout_basic, nrook_uturn, dk_xom_monty_hall
D:4:      layout_cave_pools, lemuel_blue_sif_altar,
          nicolae_ashenzari_panopticon, minmay_manual_mares
D:5:      layout_rooms, lemuel_doored_altar, gammafunk_temple_overflow_pools
D:6:      layout_rooms, lemuel_coloured_pillars_altar,
          cheibrodos_sewer_entry_bend, kennysheep_boxes
D:7:      layout_rooms, lemuel_round_altar, minmay_temple_entry_nine_rooms,
          grunt_livestock, chequers_mini_garden, minmay_misc_feat_chi
D:8:      layout_basic, makhleb_grotto_becter, nicolae_ossuary_entry_giza,
          okawaru_metal_pillars_1_2
D:9:      layout_long_grid, old_standard_altar, due_lair_maze_entry_diamond,
          gammafunk_ghost_grave, nicolae_looking_at_the_future
D:10:     layout_cave_pods, orc_0_dummy
D:11:     layout_basic, trove_entry_hex_spiral, kennysheep_nub,
          dk_noncrumbling_3, kennysheep_path_1
D:12:     layout_layer_cave
D:13:     layout_long_grid, serial_shops, kennysheep_mini_moat
D:14:     layout_stronghold, david_vaults_3, nicolae_lava_and_water,
          serial_column_ruins, column_ruins_temple_hall,
          column_ruins_open_small, column_ruins_open_tiny,
          column_ruins_columns_straight, column_ruins_columns_straight,
          column_ruins_open_small, column_ruins_open_small
D:15:     grunt_enter_depths_hoard, layout_cave_pools, hangedman_decor_growths,
          uniq_azrael
Lair:1:   layout_cave_shapes, nicolae_lair_grove_arrangements
Lair:2:   layout_long_grid, minmay_shoals_entry_centaurs, uniq_harold
Lair:3:   layout_regular_city, nicolae_spider_entry_tight_spaces,
          grunt_megastairs_5
Lair:4:   layout_roguey [special_room_mythical_zoo], st_stairs_4,
          infiniplex_staircase_pool, uniq_nessos
Lair:5:   layout_hall_layers, uniq_kirke, uniq_rupert
Lair:6:   minmay_lair_end_enchanted_forest, layout_cave_pods, slime_dummy
Shoals:1: layout_shoals, portal_ice_cave_entry_frozen_things, serial_shops,
          nicolae_shop_statue_plus, hangedman_shoal_volcano
Shoals:2: layout_shoals, ldierk_geyser, nicolae_shoals_aquamancer_cove
Shoals:3: layout_shoals
Shoals:4: shoals_end_grunt_garden, layout_shoals, shoal_ilsuiw, serial_shops,
          shop, uniq_polyphemus
Spider:1: layout_spider_delve, uniq_josephine
Spider:2: nicolae_spider_hall_of_the_moth_king, nicolae_spider_circle_web,
          nicolae_spider_cling_ruins
Spider:3: layout_chambers, drop_trap, uniq_arachne, uniq_asterion
Spider:4: johnstein_spider_rune_arachne_lair
Orc:1:    layout_caves, serial_shops, shop, uniq_erolcha
Orc:2:    st_orc_ogre_mass, layout_diamond_mine

Skill      XL: |  1  2  3  4  5  6  7  8  9 10 11 12 13 14 15 16 17 18 |
---------------+-------------------------------------------------------+-----
Short Blades   | 1 2 3 4 5 6 7 8 9 10 11 12 | 12.3
Long Blades    | 1 2 3 4 5 6 7 8 9 10 11 12 | 12.3
Axes           | 1 2 3 4 5 6 7 8 9 10 11 12 | 12.3
Maces & Flails | 1 2 3 4 5 6 7 8 9 10 11 12 | 12.3
Polearms       | 1 2 3 4 5 6 7 8 9 10 11 12 | 12.3
Staves         | 1 2 3 4 5 6 7 8 9 10 11 12 | 12.3
Slings         | 1 2 3 4 5 6 7 8 9 10 11 12 | 12.3
Bows           | 1 2 3 4 5 6 7 8 9 10 11 12 | 12.3
Throwing       | 1 2 3 4 5 6 7 8 9 10 11 12 | 12.3
Armour         | 1 2 3 4 5 6 7 8 9 10 11 12 | 12.3
Stealth        | 1 2 3 4 5 6 7 8 9 10 11 12 | 12.3
Shields        | 1 2 3 4 5 6 7 8 9 10 11 12 | 12.3
Unarmed Combat | 1 2 3 4 5 6 7 8 9 10 11 12 | 12.3
Invocations    | 1 2 3 4 5 6 7 8 9 10 11 12 13 | 13.2
Evocations     | 1 2 4 6 7 9 10 11 12 13 14 15 16 | 16.3
Spellcasting   | 3 4 5 6 7 8 9 10 11 12 | 12.5
Conjurations   | 1 2 3 4 5 6 7 8 9 10 | 10.5
Charms         | 1 2 3 4 5 6 7 8 9 10 | 10.5
Summonings     | 1 2 3 4 5 6 7 8 9 10 | 10.5
Necromancy     | 1 2 3 4 5 6 7 8 9 10 | 10.5
Translocations | 1 2 3 4 5 6 7 8 9 10 | 10.5
Transmutations | 1 2 3 4 5 6 7 8 9 10 | 10.5
Fire Magic     | 1 2 3 4 5 6 7 8 9 10 | 10.5
Ice Magic      | 1 2 3 4 5 6 7 8 9 10 | 10.5
Air Magic      | 1 2 3 4 5 6 7 8 9 10 | 10.5
Earth Magic    | 1 2 3 4 5 6 7 8 9 10 | 10.5
Poison Magic   | 1 2 3 4 5 6 7 8 9 10 | 10.5
Fighting       | 3 4 5 6 7 8 9 10 11 12 | 12.5
Crossbows      | 5 6 7 8 9 10 11 12 13 | 13.0
Dodging        | 5 6 7 8 9 10 11 12 13 | 13.0
Hexes          | 6 7 8 9 10 11 | 11.7

Action                   |  1- 3 |  4- 6 |  7- 9 | 10-12 | 13-15 | 16-18 || total
-------------------------+-------+-------+-------+-------+-------+-------++-------
Melee: Unarmed           |    13 |       |       |       |       |       ||    13
       Bite              |     7 |    22 |    42 |   123 |   294 |   384 ||   872
       Dagger            |    44 |   202 |    54 |       |       |       ||   300
       Punch             |       |     1 |     1 |     6 |       |       ||     8
       Spear             |       |       |   274 |   754 |  1804 |  2138 ||  4970
       War axe           |       |       |       |       |    72 |       ||    72
       Lajatang          |       |       |       |       |       |    21 ||    21
       Katana            |       |       |       |       |       |   301 ||   301
       Trident           |       |       |       |       |       |   136 ||   136
 Fire: Hand crossbow     |    19 |    32 |    10 |    37 |    21 |   185 ||   304
       Shortbow          |       |       |     9 |    88 |       |       ||    97
Throw: Dart              |       |     9 |    10 |    27 |     4 |       ||    50
       Javelin           |       |       |       |    10 |    69 |     8 ||    87
       Boomerang         |       |       |       |       |   176 |   366 ||   542
       Throwing net      |       |       |       |       |       |     2 ||     2
 Cast: Slow              |       |       |     3 |     9 |       |       ||    12
       Corona            |       |       |     1 |       |     1 |    21 ||    23
       Portal Projectile |       |       |       |     2 |     1 |       ||     3
       Confusing Touch   |       |       |       |     6 |     5 |     9 ||    20
       Gell's Gravitas   |       |       |       |     1 |    15 |       ||    16
       Confuse           |       |       |       |       |     5 |     1 ||     6
       Metabolic Englaci |       |       |       |       |     4 |       ||     4
       Yara's Violent Un |       |       |       |       |     1 |     2 ||     3
       Borgnjor's Vile C |       |       |       |       |       |    17 ||    17
       Cause Fear        |       |       |       |       |       |     1 ||     1
       Static Discharge  |       |       |       |       |       |     8 ||     8
       Statue Form       |       |       |       |       |       |     2 ||     2
Invok: Wall of Briars    |       |       |       |     3 |     4 |     1 ||     8
       Overgrow          |       |       |       |     2 |     4 |     3 ||     9
       Grow Oklob        |       |       |       |       |       |     2 ||     2
 Abil: Evoke Blink       |       |       |       |     5 |    12 |   104 ||   121
       Evoke Flight      |       |       |       |       |       |     1 ||     1
Evoke: Wand              |       |       |     2 |    10 |    13 |    19 ||    44
       Lightning rod     |       |       |       |       |     3 |     7 ||    10
       Phial of floods   |       |       |       |       |     1 |     1 ||     2
  Use: Scroll            |     2 |     3 |    10 |     5 |    13 |    18 ||    51
       Potion            |       |     8 |       |     6 |     2 |    10 ||    26
 Stab: Sleeping          |     1 |     7 |    17 |    11 |    32 |    41 ||   109
       Distracted        |       |     1 |     1 |       |     6 |     5 ||    13
       Paralysed         |       |       |       |     6 |     8 |       ||    14
       Confused          |       |       |       |     4 |    14 |    11 ||    29
       Held in net/web   |       |       |       |       |       |     1 ||     1
  Eat: Chunk             |     1 |     7 |    11 |    11 |    26 |    22 ||    78
       Ration            |       |       |       |     4 |     5 |    13 ||    22
Armor: Robe              |    10 |    10 |    23 |       |       |    13 ||    56
       Swamp dragon scal |       |       |    27 |   147 |   264 |       ||   438
       Ring mail         |       |       |       |       |   101 |   499 ||   600
       Leather armour    |       |       |       |       |       |   141 ||   141
       Skin              |       |       |       |       |       |     9 ||     9
Dodge: Dodged            |    37 |   147 |   192 |   411 |  1131 |  1903 ||  3821
Block: Buckler           |       |       |       |   127 |   583 |   916 ||  1626
       Rpst.: Katana     |       |       |       |       |       |    59 ||    59

Table legend:
 A = Non-vault XP
 B = Vault XP
 C = Vault XP percentage of total XP
 D = Non-vault monster count
 E = Vault monster count
 F = Vault count percentage of total count
                 A         B        C        D         E       F
            +---------+---------+-------+---------+---------+-------
      Total |  190318 |  119514 |  38.6 |     864 |     340 |  28.2
            +---------+---------+-------+---------+---------+-------
        D:1 |      19 |       0 |   0.0 |      12 |       0 |   0.0
        D:2 |     149 |      37 |  19.9 |      29 |       1 |   3.3
        D:3 |     405 |      45 |  10.0 |      48 |       2 |   4.0
        D:4 |     466 |     213 |  31.4 |      27 |       2 |   6.9
        D:5 |     400 |       0 |   0.0 |      19 |       0 |   0.0
        D:6 |     402 |      10 |   2.4 |      10 |       2 |  16.7
        D:7 |     805 |     996 |  55.3 |      16 |       5 |  23.8
        D:8 |    1492 |      68 |   4.4 |      30 |       4 |  11.8
        D:9 |     193 |    2619 |  93.1 |      12 |      20 |  62.5
       D:10 |    3769 |       0 |   0.0 |      37 |       0 |   0.0
       D:11 |    8383 |       0 |   0.0 |      54 |       0 |   0.0
       D:12 |   10115 |       0 |   0.0 |      63 |       0 |   0.0
       D:13 |    8639 |    5423 |  38.6 |      35 |      19 |  35.2
       D:14 |   10586 |    1070 |   9.2 |      48 |       1 |   2.0
       D:15 |   11785 |    2258 |  16.1 |      25 |       7 |  21.9
     Lair:1 |    4242 |       0 |   0.0 |      16 |       0 |   0.0
     Lair:2 |    5229 |    1196 |  18.6 |      22 |       5 |  18.5
     Lair:3 |    6300 |    4491 |  41.6 |      26 |      11 |  29.7
     Lair:4 |    2120 |    1725 |  44.9 |      10 |       3 |  23.1
     Lair:5 |    5010 |    4170 |  45.4 |      17 |       4 |  19.0
     Lair:6 |   15535 |    7551 |  32.7 |      46 |      39 |  45.9
   Shoals:1 |   15671 |    3841 |  19.7 |      32 |      12 |  27.3
   Shoals:2 |    6070 |    2963 |  32.8 |      14 |       4 |  22.2
   Shoals:3 |   20192 |    7187 |  26.3 |      41 |       8 |  16.3
   Shoals:4 |    6015 |    7131 |  54.2 |      11 |      10 |  47.6
   Spider:1 |    6290 |    4771 |  43.1 |      14 |       4 |  22.2
   Spider:2 |   14303 |    6033 |  29.7 |      36 |      11 |  23.4
   Spider:3 |   11911 |    5969 |  33.4 |      42 |       3 |   6.7
   Spider:4 |    6456 |   19414 |  75.0 |      14 |      42 |  75.0
      Orc:1 |    2482 |    1972 |  44.3 |      20 |       3 |  13.0
      Orc:2 |    4884 |   16073 |  76.7 |      38 |      41 |  51.9
      Sewer |       0 |     137 | 100.0 |       0 |      11 | 100.0
    Ossuary |       0 |     839 | 100.0 |       0 |      15 | 100.0
      IceCv |       0 |   11312 | 100.0 |       0 |      51 | 100.0
            +---------+---------+-------+---------+---------+-------
